 Dungeon Crawl Stone Soup version bcrawl-1.23 (webtiles) character file.

Game seed: 12133820599148167113

103 Morbidden the Ducker (level 4, 0/34 HPs)
             Began as a Merfolk Archaeologist on May 27, 2020.
             Slain by Terence
             ... wielding a +0 flail
              (1 damage)
             ... on level 2 of the Dungeon.
             The game lasted 00:03:17 (2212 turns).

Morbidden the Ducker (Merfolk Archaeologist)        Turns: 2212, Time: 00:03:18

Health: 0/34       AC:  7    Str: 12    XL:     4   Next: 79%
Magic:  4/4        EV: 14    Int: 13    God:
Gold:   129        SH:  0    Dex: 12    Spells: 3/3 levels left

rFire    . . .     SeeInvis .   a - +0 whip
rCold    . . .     Gourm    .   (no shield)
rNeg     . . .     Faith    .   b - +1 robe
rPois    +         Spirit   .   i - +1 hat
rElec    .         Reflect  .   (no cloak)
rCorr    .         Harm     .   p - +0 pair of gloves
MR       .....                  d - +1 pair of boots
Stlth    +++.......             (no amulet)
HPRegen  0.11/turn              l - ring of poison resistance
MPRegen  0.09/turn              (no ring)

@: no status effects
A: change form in water, swift swim, stealthy swim
a: no special abilities


You were on level 2 of the Dungeon.
You were hungry.

You visited 1 branch of the dungeon, and saw 2 of its levels.

You collected 129 gold pieces.

Inventory:

Hand Weapons
 a - a +0 whip (weapon)
Armour
 b - a +1 robe (worn)
 d - a +1 pair of boots (worn)
 i - a +1 hat (worn)
 p - a +0 pair of gloves (worn)
Jewellery
 l - a ring of poison resistance (left hand)
Scrolls
 g - a scroll of magic mapping
 j - a scroll of enchant armour {unknown}
 o - a scroll of identify {unknown}
 q - a scroll of teleportation {unknown}
Potions
 h - 2 potions of brilliance {unknown}
 k - a potion of lignification {unknown}
 m - a potion of might {unknown}
 n - a potion of magic {unknown}
Miscellaneous
 f - a dusty tome
Comestibles
 c - a chunk of flesh
 e - 3 rations {!d}


   Skills:
 * Level 2.4 Fighting
 - Level 0.7 Maces & Flails
 + Level 5.4 Dodging
 + Level 4.8 Stealth


You had 3 spell levels left.
You didn't know any spells.
Your spell library was empty.

Dungeon Overview and Level Annotations

Branches:
Dungeon (2/12)

Altars:
Ashenzari

Annotations:
D:2 Terence


Message History

Terence is heavily wounded.
You are feeling hungry.
You hit Terence but do no damage.
Terence is heavily wounded.
Terence hits you with a +0 flail.
You hit Terence but do no damage.
Terence is heavily wounded.
Terence misses you.
You closely miss Terence.
Terence is heavily wounded.
Terence hits you with a +0 flail.
* * * LOW HITPOINT WARNING * * *
You hit Terence but do no damage.
Terence is heavily wounded.
Terence hits you with a +0 flail.
* * * LOW HITPOINT WARNING * * *
You barely miss Terence.
Terence is heavily wounded.
Terence hits you with a +0 flail.
You die...

######### #.......# #......)#
####### #...@@..# #.....#
###..^??..########.....#
##########>+.....<.'......'.....#
...........#.......########.....#
##########.######### #####..# #
#(....#.# #....... # #.###.#.#
######### #.####)# ####.# #.#.#
#.......# #.# #.# [....#
#(#.#####.......###.####.#


You could see Terence.

Vanquished Creatures
  Jessica (D:2)
  2 adders (D:2)
  A worm (D:2)
  5 dart slugs
  3 leopard geckos
  A bat (D:1)
  2 giant cockroaches (D:1)
  3 goblins (D:1)
  3 hobgoblins
  3 jackals (D:1)
  6 kobolds
  4 quokkas (D:2)
  2 frilled lizards
  5 rats (D:1)
41 creatures vanquished.

Notes
Turn   | Place    | Note
-------+----------+-------------------------------------------
     0 | D:1      | Morbidden the Merfolk Archaeologist began the quest for the
                  | Orb.
     0 | D:1      | Reached XP level 1. HP: 15/15 MP: 1/1
   268 | D:1      | Reached XP level 2. HP: 18/21 MP: 2/2
  1154 | D:1      | Reached XP level 3. HP: 26/26 MP: 3/3
  1311 | D:1      | Found a shattered altar of Ashenzari.
  1512 | D:2      | Noticed Jessica
  1523 | D:2      | Killed Jessica
  1523 | D:2      | Reached skill level 5 in Dodging
  1523 | D:2      | Reached XP level 4. HP: 26/33 MP: 4/4
  2173 | D:2      | Noticed Terence
  2211 | D:2      | HP: 1/34 [Terence/+0 flail (6)]
  2212 | D:2      | Slain by Terence

Skill      XL: |  1  2  3 |
---------------+----------+-----
Stealth        | 4 |  4.8
Fighting       | 2 |  2.4
Dodging        | 5 |  5.4
Maces & Flails | |  0.7

Action                   |  1- 3 |  4- 6 || total
-------------------------+-------+-------++-------
Melee: Whip              |   123 |   123 ||   246
 Stab: Sleeping          |     4 |     2 ||     6
       Distracted        |       |     1 ||     1
  Eat: Chunk             |     2 |     2 ||     4
Armor: Robe              |    40 |    26 ||    66
Dodge: Dodged            |   108 |    75 ||   183
